 Dungeon Crawl Stone Soup version 0.23.0 (webtiles) character file.

Game seed: 15018304153095821464

14 Monsterracer the Chopper (level 2, -1/27 HPs)
             Began as a Hill Orc Chaos Knight on Feb 15, 2019.
             Was a Plaything of Xom.
             Slain by a kobold
             ... wielding a +2 whip of venom
              (2 damage)
             ... on level 1 of the Dungeon.
             The game lasted 00:00:44 (129 turns).

Monsterracer the Chopper (Hill Orc Chaos Knight)     Turns: 129, Time: 00:00:45

Health: -1/27      AC:  5    Str: 14    XL:     2   Next: 41%
Magic:  2/2        EV: 11    Int: 12    God:    Xom [..*...]
Gold:   0          SH:  0    Dex: 10    Spells: 1/1 levels left

rFire    . . .     SeeInvis .   a - +0 hand axe (chaos)
rCold    . . .     Gourm    .   (no shield)
rNeg     . . .     Faith    .   b - +2 leather armour
rPois    .         Spirit   .   (no helmet)
rElec    .         Reflect  .   (no cloak)
rCorr    .         Harm     .   (no gloves)
MR       .....                  (no boots)
Stlth    +.........             (no amulet)
HPRegen  0.09/turn              (no ring)
MPRegen  0.08/turn              (no ring)

@: lethally poisoned (-1 -> -10)
A: no striking features
a: Renounce Religion


You were on level 1 of the Dungeon.
You worshipped Xom.
You were a toy of Xom.
You were not hungry.

You visited 1 branch of the dungeon, and saw 1 of its levels.

Inventory:

Hand Weapons
 a - a +0 hand axe of chaos (weapon)
Armour
 b - a +2 leather armour (worn)
Comestibles
 c - a ration


   Skills:
 + Level 4.0 Fighting
 * Level 4.7 Axes
 - Level 2.1 Armour
 - Level 0.7 Dodging


You had one spell level left.
You didn't know any spells.
Your spell library was empty.

Dungeon Overview and Level Annotations

Branches:
Dungeon (1/15)

Altars:


Message History

You kill the jackal!
You have reached level 2!
You hit the kobold but do no damage.
The kobold seems to slow down.
MP restored: 2 Unknown command.
You barely miss something. Something hits you but does no damage.
You barely miss something. Something hits you.
* * * LOW HITPOINT WARNING * * *
You take 2 damage, and have 1/27 hp.
Unknown command.
Found 4 gold pieces.
The kobold is no longer moving slowly.
A bat comes into view.
An ooze appears from thin air!
Reactivating autopickup.
The bat hits you.
* * * LOW HITPOINT WARNING * * *
You take 1 damage, and have 1/27 hp. "Go forth and destroy!"
You feel better. The bat misses you.
The ooze jiggles.
The bat misses you.
You regained 6 hp, and now have 7/27 hp.
You closely miss the bat. The bat hits you but does no damage.
You hit the bat. Lightning courses through the bat!
You kill the bat!
You hit the ooze. You burn the ooze.
You kill the ooze!
Your Fighting skill increases to level 4!
There are monsters nearby!
There are monsters nearby!
You swing at nothing.
You hit the kobold.
You feel better.
The kobold is moderately wounded.
The kobold hits you but does no damage.
You are poisoned.
You hit the kobold but do no damage.
* * * LOW HITPOINT WARNING * * *
You feel sick. The kobold hits you but does no damage.
You take 1 damage, and have 8/27 hp.
Unknown command.
* * * LOW HITPOINT WARNING * * *
You feel sick.
You take 1 damage, and have 7/27 hp.
* * * LOW HITPOINT WARNING * * *
You feel sick.
You take 1 damage, and have 6/27 hp.
* * * LOW HITPOINT WARNING * * *
You feel sick.
You take 1 damage, and have 5/27 hp.
Why would you want to do that?
* * * LOW HITPOINT WARNING * * *
You feel sick.
You take 1 damage, and have 4/27 hp.
You see here a ring mail.
* * * LOW HITPOINT WARNING * * *
You feel sick.
* * * LOW HITPOINT WARNING * * *
You feel sick.
You take 1 damage, and have 3/27 hp.
You see here a jackal corpse.
* * * LOW HITPOINT WARNING * * *
You feel sick.
You take 1 damage, and have 2/27 hp.
* * * LOW HITPOINT WARNING * * *
You feel sick.
You take 1 damage, and have 2/27 hp.
* * * LOW HITPOINT WARNING * * *
You feel sick.
You are no longer poisoned.
You take 1 damage, and have 1/27 hp.
Why would you want to do that?
You see here a ring mail.
Why would you want to do that?
You see here a jackal corpse.
You feel a little less clever now. Why would you want to do that?
Why would you want to do that?
The kobold hits you with a +2 whip of venom.
* * * LOW HITPOINT WARNING * * *
You are lethally poisoned!
You take 2 damage, and have 3/27 hp.
Unknown command.
* * * LOW HITPOINT WARNING * * *
You feel sick.
You take 1 damage, and have 2/27 hp.
You aren't carrying any potions.
You aren't carrying any potions.
You closely miss the kobold.
* * * LOW HITPOINT WARNING * * *
You feel sick.
The kobold hits you with a +2 whip of venom.
You die... "It was about time."

################.# .
.................+ ...
. ##.........##.#....
. ##..≈≈≈≈≈≈≈..#......
.##..≈≈.....≈≈..##
....≈≈..♣....≈≈..#
...≈≈..8.<..♣.≈≈K# #
...≈........8..≈K##.##
...≈.....♣.....≈@.$..#
..†≈≈.♣.......≈≈..##.#
....≈≈..8....≈≈...#
.....≈≈.....≈≈...##
##....≈≈≈.≈≈≈...##
##.......[....##
##..........##
#...........##
##...........#


You could see 2 kobolds.

Vanquished Creatures
  An ooze (D:1)
  A bat (D:1)
  3 jackals (D:1)
  A kobold (D:1)
  2 goblins (D:1)
8 creatures vanquished.

Notes
Turn   | Place    | Note
-------+----------+-------------------------------------------
     0 | D:1      | Monsterracer the Hill Orc Chaos Knight began the quest for
                  | the Orb.
     0 | D:1      | Reached XP level 1. HP: 19/19 MP: 1/1
    21 | D:1      | HP: 10/20 [kobold/+0 whip (7)]
    25 | D:1      | HP: 4/20 [kobold (1)]
    30 | D:1      | XOM: potion effect (brilliance)
    32 | D:1      | HP: 4/20 [jackal (1)]
    35 | D:1      | Reached XP level 2. HP: 2/27 MP: 2/2
    40 | D:1      | HP: 1/27 [something (2)]
    53 | D:1      | HP: 1/27 [bat (1)]
    54 | D:1      | XOM: potion effect (curing)
    59 | D:1      | HP: 8/27 [poisoned by a kobold]
    64 | D:1      | HP: 5/27 [poisoned by a kobold]
    69 | D:1      | HP: 4/27 [poisoned by a kobold]
    76 | D:1      | HP: 2/27 [poisoned by a kobold]
    84 | D:1      | HP: 1/27 [poisoned by a kobold]
   127 | D:1      | HP: 3/27 [kobold/+2 whip of venom (2)]
   129 | D:1      | HP: 1/27 [poisoned by a kobold]
   129 | D:1      | Slain by a kobold

Skill      XL: |  1  2 |
---------------+-------+-----
Fighting       | 4 |  4.0
Axes           | |  4.7
Armour         | |  2.1
Dodging        | |  0.7

Action                   || total
-------------------------++-------
Melee: Hand axe          ||    21
Armor: Leather armour    ||    14
Dodge: Dodged            ||    14

Levels and vault maps discovered:
D:1:      moated_graveyard_arrival, layout_basic, doesnt_xom_only_xom
